AoeStats
← BHA-1

Arena

505808082Analyzed
2v2 RM · 21d ago on Sep 11, 2026· 39m 17s· 4 players
Game mode
Random Map
Map size
Medium (4 player)
Population
200
Speed
Normal
Resources
Standard
Victory
Conquest
Starting age
Dark Age
Ending age
Imperial Age
RankedLock teamsTeams togetherTeam positionsShared explorationLock speedFull tech treeHidden civsTurbo modeCheats
Victory
Defeat
🇨🇳 Franks · China
1057
+15
🇦🇺 Cumans · Australia
956
+21
🇮🇳 Britons · India
1044
-18
🇺🇸 Persians · United States
1039
-18
max
4:47 Loom
10:41 Feudal Age
15:10 Castle Age
13:40 Double-Bit Axe
13:37 Horse Collar
25:20 Gold Mining
25:22 Stone Mining
26:46 Heavy Plow
27:43 Gold Shaft Mining
28:25 Forging
28:29 Bloodlines
31:17 Imperial Age
29:40 Bow Saw
29:50 Husbandry
29:58 Scale Barding Armor
31:05 Iron Casting
31:34 Chain Barding Armor
31:54 Wheelbarrow
31:06 Town Watch
31:03 Cavalier
32:58 Blast Furnace
32:30 Guilds
32:48 Conscription
32:51 Savar
37:50 Plate Barding Armor
Just started
10:09 Feudal Age
14:59 Castle Age
12:51 Double-Bit Axe
13:00 Horse Collar
17:17 Bow Saw
20:18 Wheelbarrow
24:47 Fletching
29:16 Wheelbarrow
29:46 Crossbowman
30:42 Squires
31:16 Loom
37:56 Bodkin Arrow
BHA-1
7:33 Loom
11:21 Feudal Age
21:07 Double-Bit Axe
21:02 Horse Collar
21:59 Wheelbarrow
26:15 Castle Age
24:26 Forging
24:22 Scale Barding Armor
27:05 Gold Mining
27:07 Stone Mining
28:45 Scale Barding Armor
28:57 Bow Saw
28:47 Heavy Plow
29:27 Gold Shaft Mining
28:38 Capped Ram
33:32 Hand Cart
33:03 Town Watch
39:13 Iron Casting
38:59 Chain Barding Armor
38:30 Fletching
22155426
1:34 Loom
13:53 Feudal Age
17:34 Castle Age
15:46 Double-Bit Axe
17:56 Fletching
18:34 Bow Saw
20:13 Stone Mining
24:45 Scale Barding Armor
25:25 Gold Mining
28:01 Chain Barding Armor
28:37 Wheelbarrow
27:49 Town Watch
29:16 Forging
29:55 Forging
32:18 Imperial Age
29:43 Pikeman
30:58 Hand Cart
32:12 Gold Shaft Mining
32:51 Forging
32:41 Scale Mail Armor
32:42 Padded Archer Armor
32:22 Cavalier
32:32 Halberdier
34:30 Plate Barding Armor
36:27 Chemistry
35:47 Ballistics
35:28 Paladin
38:03 Iron Casting
Connection lost

Rejoining the realm…

Still unreachable

The connection could not be restored.

Session expired

The server has moved on; the page needs a fresh start.